 Dungeon Crawl Stone Soup version 0.29.0-4-gdea44cf6ec (webtiles) character file.

Game seed: 7921943649064029192

72 melkoren the Vexing (level 3, -1/19 HPs)
             Began as a Vampire Enchanter on Aug 28, 2022.
             Was a Follower of Ru.
             Slain by a hound (5 damage)
             ... on level 4 of the Dungeon.
             The game lasted 00:10:50 (2908 turns).

melkoren the Vexing (Vampire Enchanter)             Turns: 2908, Time: 00:10:51

Health: -1/19      AC:  3    Str:  7    XL:     3   Next: 7%
Magic:  4/6        EV: 12    Int: 17    God:    Ru [*.....]
Gold:   152        SH:  0    Dex: 16    Spells: 1/6 levels left

rFire   . . .      SeeInvis +   a - +1 dagger
rCold   + + .      Faith    .   (no shield)
rNeg    + + +      Spirit   .   b - +0 robe
rPois   ∞          Reflect  .   (no helmet)
rElec   .          Harm     .   (no cloak)
rCorr   .          Rampage  .   h - +0 pair of gloves
Will    .....                   (no boots)
Stlth   +++++.....              (no amulet)
HPRegen 0.00/turn               j - ring of flight
MPRegen 0.10/turn               u - ring of wizardry

@: flying, bloodless, inhibited regen
A: bloodless, fangs 3, see invisible, inexperienced 1, vampiric 2
a: Bat Form, Revivify, Renounce Religion


You were on level 4 of the Dungeon.
You worshipped Ru.
Ru was aware of your devotion.
You visited 1 branch of the dungeon, and saw 4 of its levels.

You collected 152 gold pieces.

Inventory:

Hand Weapons
 a - a +1 dagger (weapon)
Missiles
 d - 9 poisoned darts (quivered)
 e - a throwing net
Armour
 b - a +0 robe (worn)
 h - a +0 pair of gloves (worn)
Jewellery
 j - a ring of flight (left hand)
 u - a ring of wizardry (right hand)
Wands
 o - a wand of light (6)
Scrolls
 f - a scroll of vulnerability {unknown}
 k - 2 scrolls of identify
 m - a scroll of teleportation
 n - 3 scrolls of enchant armour {unknown}
 q - a scroll of immolation {unknown}
 r - a scroll of butterflies {unknown}
 s - a scroll of torment {unknown}
Potions
 c - a potion of invisibility
 g - 2 potions of magic
 i - a potion of brilliance {unknown}
 l - a potion of cancellation {unknown}
 p - a potion of lignification {unknown}
 t - 3 potions of curing


   Skills:
 * Level 2.5 Short Blades
 - Level 2.1 Dodging
 + Level 5.1 Stealth
 + Level 2.4 Spellcasting
 * Level 5.5 Hexes


You had one spell level left.
You knew the following spells:

 Your Spells              Type           Power      Damage    Failure   Level
a - Ensorcelled Hibernat  Hex/Ice        22%        N/A       3%          2
b - Confusing Touch       Hex            20%        N/A       2%          3

Your spell library contained the following spells:

 Spells                   Type           Power      Damage    Failure   Level
 Sandblast                Erth           4%         2d4       8%          1
 Tukima's Dance           Hex            20%        N/A       2%          3
 Dazzling Flash           Conj/Hex       22%        N/A       8%          3
 Passwall                 Tmut/Erth      1%         N/A       12%         2
 Stone Arrow              Conj/Erth      4%         3d7       22%         3


Dungeon Overview and Level Annotations

Branches:
Dungeon (4/15)
 Temple: D:4-7

Altars:
Qazlal
Ru
Uskayaw
Yredelemnul


Innate Abilities, Weirdness & Mutations

You do not regenerate when monsters are visible.
You are frail without blood (-20% HP).
You can heal yourself when you bite living creatures.
You are immune to poison.
You have razor-sharp teeth.
You have supernaturally acute eyesight. (SInv)
You are somewhat inexperienced. (-1 XL)
You are afflicted with vampirism and can become a bat while bloodless.


Message History

The hound barks!
You closely miss the ufetubus. You miss the hound. The hound barely misses you.
The hound bites you.
You hit the hound but do no damage.
The ufetubus hits you but does no damage.
The ufetubus closely misses you.
The hound is stunned by your conviction and fails to attack.
The ufetubus barely misses you. The ufetubus closely misses you.
You hit the hound.
The hound is lightly wounded.
The hound closely misses you.
You barely miss the hound.
The hound is lightly wounded.
The hound closely misses you. The hound bites you.
* * * LOW HITPOINT WARNING * * *
You closely miss the hound. You punch the hound, but do no damage.
You bite the hound.
You draw the hound's blood!
You feel better.
The hound is lightly wounded.
The hound bites you.
The ufetubus barely misses the hound.
The ufetubus misses the hound.
The ufetubus closely misses itself. x2
You hit the hound. Your bite misses the hound.
The hound is moderately wounded.
The hound bites you but does no damage.
You hit the ufetubus. Your bite misses the ufetubus.
The ufetubus is moderately wounded.
The hound pauses to sniff the ground.
The hound closely misses you. x2
You barely miss the ufetubus.
The ufetubus is moderately wounded.
The ufetubus misses the hound.
The ufetubus hits the hound but does no damage.
The ufetubus barely misses itself. x2; The hound bites you.
* * * LOW HITPOINT WARNING * * *
Okay, then.
Okay, then.
You fail to use your ability.
The hound closely misses you.
The ufetubus hits you but does no damage.
The ufetubus closely misses you. The hound attacks as you move away!
The hound bites you.
You die...

###. ###....####
....###.........##
........##...##...
........##........
........##...#####
....>...##...#
........######
.#)....5...###.
.......@h.......
...#..!##.......
...#... ..).... ..
##.# ......# ..
....... #.#
....... .. .......
..#


You could see a hound and an ufetubus (confused).

Vanquished Creatures
  2 adders
  5 endoplasms
  4 giant cockroaches (D:1)
  2 goblins
  7 hobgoblins
  4 jackals (D:1)
  4 quokkas
  9 ball pythons
  5 frilled lizards
  4 kobolds
  3 rats
  A spectral orc (D:3)
50 creatures vanquished.

Notes
Turn   | Place    | Note
-------+----------+-------------------------------------------
     0 | D:1      | melkoren the Vampire Enchanter began the quest for the Orb.
     0 | D:1      | Reached XP level 1. HP: 13/13 MP: 3/3
   118 | D:1      | Reached XP level 2. HP: 15/15 MP: 5/5
   306 | D:1      | Learned a level 2 spell: Ensorcelled Hibernation
   616 | D:1      | Reached skill level 5 in Hexes
   843 | D:1      | Gained mutation: You are afflicted with vampirism and can
                  | become a bat while bloodless. [Vampire growth]
   843 | D:1      | Reached XP level 3. HP: 19/19 MP: 6/6
  1010 | D:1      | Found a faded altar of an unknown god.
  1014 | D:1      | Prayed at the altar of an unknown god.
  1014 | D:1      | Became a worshipper of Ru the Awakened
  1022 | D:1      | Gained mutation: You are somewhat inexperienced. (-1 XL)
                  | [Ru sacrifice]
  1022 | D:1      | Reached XP level 2. HP: 15/15 MP: 5/5
  1022 | D:1      | Reached * piety under Ru
  1507 | D:2      | Reached skill level 5 in Stealth
  2199 | D:3      | Found a basalt altar of Yredelemnul.
  2319 | D:3      | Found a hide-covered altar of Uskayaw.
  2631 | D:3      | Reached XP level 3. HP: 19/19 MP: 6/6
  2799 | D:3      | Found a stormy altar of Qazlal.
  2866 | D:3      | Learned a level 3 spell: Confusing Touch
  2891 | D:4      | Found the +13 scythe of Curses {drain, Drain}
  2908 | D:4      | Slain by a hound

Illustrated notes

Levels and vault maps discovered:
D:1:      dpeg_arrival_line_fractal, layout_basic,
          hellmonk_ecumenical_altar_inner_sanctum, st_stairs_11
D:2:      layout_loops_cross, palyth_stone_intersect,
          chequers_serial_rivers_micro_e
D:3:      layout_loops_ring, mainiacjoe_overflow_alcove_1,
          yredelemnul_forgotten_temple_becter, mainiacjoe_overflow_alcove_2
D:4:      layout_rooms, overflow_temple_1_default,
          nicolae_concentric_dashed_squares_mild, lightli_corner_chamber

Skill      XL: |  1  2 |
---------------+-------+-----
Hexes          | 5 |  5.5
Short Blades   | 2 |  2.5
Stealth        | 5 |  5.1
Dodging        | |  2.1
Spellcasting   | |  2.4

Action                   || total
-------------------------++-------
Melee: Dagger            ||    97
       Bite              ||     7
       Punch             ||     1
Throw: Dart              ||     4
 Cast: Ensorcelled Hiber ||    17
       Confusing Touch   ||     1
Invok: Sacrifice Experie ||     1
 Abil: Exsanguinate      ||     1
Evoke: Wand              ||     2
  Use: Potion            ||     2
       Scroll            ||     4
 Stab: Invisible         ||     3
       Sleeping          ||    34
       Distracted        ||     1
Armor: Robe              ||    17
Dodge: Dodged            ||    56
